Map: Ruins of Seras

Players

Javert

  • Race: Zerg Zerg
  • League: Grandmaster

MrFister - Winner!

  • Race: Zerg Zerg
  • League: Grandmaster

VOD

Have the link to the VOD?

Description

Time

  • Played on: July 14, 2015, 8:16 p.m.
  • Length: 3:43
Show
View Real Time Build Order
Export as new Build Order

Javert Zerg 

Build Orders: Hatch First 

Get SALT Encoding   

  12  0:01  Drone  
  13  0:13  Overlord  
  13  0:22  Drone  
  14  0:31  Drone x2  
  16  0:37  Drone  
  17  0:46  Drone  
  18  0:59  Hatchery  
  18  1:00  Drone  
  18  1:03  Extractor  
  17  1:08  Drone  
  18  1:19  Spawning Pool  
  18  1:21  Drone  
  18  1:30  Drone  
  19  1:41  Drone  
  20  1:50  Drone  
  21  2:01  Overlord  
  21  2:06  Metabolic Boost  
  21  2:10  Queen  
  21  2:11  Queen  
  21  2:13  Zergling x4  
  27  2:23  Zergling x4  
  28  2:56  Drone x6  
  31  3:28  Baneling Nest  
Show
View Real Time Build Order
Export as new Build Order

MrFister Zerg - Winner!

Build Orders: Pool Only 

Get SALT Encoding   

  12  0:01  Drone  
  13  0:08  Drone  
  14  0:15  Drone, Extractor  
  14  0:34  Spawning Pool  
  13  0:36  Drone  
  14  0:44  Overlord  
  14  0:52  Extractor  
  14  0:53  Drone  
  15  1:09  Drone  
  16  1:22  Zergling x6  
  16  1:23  Metabolic Boost  
  19  1:31  Queen  
  21  1:36  Zergling x2  
  22  1:51  Overlord  
  22  1:59  Baneling Nest  
  22  2:00  Overlord  
  21  2:18  Zergling x4  
  22  2:46  Baneling  
  22  2:48  Baneling x2  
  22  2:49  Baneling  
  22  2:50  Zergling x6  
  22  2:51  Zergling x4  
  27  2:56  Zergling x2  
  24  3:20  Zergling x2  
  24  3:21  Zergling x2  
Tags
 
Add a new tag
Caveats
  • Supply blocks, unpowered buildings, or Contaminate may cause inaccurate times.
  • Supply counts are checked every 10 seconds.